 Dungeon Sprint DCSS version 0.30-a0-177-g1cb5dbfd7a (webtiles) character file.

Game seed: 17879722110036830305

217 rocky1 the Chopper (level 5, -2/52 HPs)
             Began as a Hill Orc Fighter on Oct 3, 2022.
             Was a Follower of Okawaru.
             Slain by Harold
             ... wielding a +6 mace of holy wrath
              (6 damage)
             ... in the Dungeon (Sprint VII: "The Pits").
             The game lasted 00:02:31 (759 turns).

rocky1 the Chopper (Hill Orc Fighter)                Turns: 759, Time: 00:02:32

Health: -2/52      AC: 12    Str: 21    XL:     5   Next: 94%
Magic:  2/5        EV: 12    Int:  8    God:    Okawaru [*.....]
Gold:   0          SH:  6    Dex: 10    Spells: 4/4 levels left

rFire   . . .      SeeInvis .    m - +0 hand axe (freeze)
rCold   . . .      Faith    .    c - +0 buckler
rNeg    . . .      Spirit   .    n - +3 scale mail
rPois   .          Reflect  .    (no helmet)
rElec   .          Harm     .    (no cloak)
rCorr   .          Rampage  .    (no gloves)
Will    .....      NoTele   +    (no boots)
Stlth   +.........               (no amulet)
HPRegen 0.28/turn                (no ring)
MPRegen 0.09/turn                (no ring)

@: mighty, heroic
A: no striking features
a: Renounce Religion, Heroism


You were in the Dungeon.
You worshipped Okawaru.
Okawaru was aware of your devotion.
You visited 1 branch

Inventory:

Hand Weapons
 a - a +0 war axe
 m - a +0 hand axe of freezing (weapon)
Armour
 b - a +0 scale mail
 c - a +0 buckler (worn)
 n - a +3 scale mail (worn)
 o - a +3 ring mail
Scrolls
 j - a scroll of blinking
 l - 5 scrolls of amnesia
Potions
 e - 4 potions of heal wounds
 f - 5 potions of curing
 g - a potion of haste
 h - 4 potions of magic
 i - 2 potions of berserk rage
 k - 2 potions of invisibility


   Skills:
 + Level 7.2(12.2) Fighting
 + Level 7.3(12.3) Axes
 + Level 6.6(11.6) Armour
 + Level 4.1(9.1) Dodging
 + Level 6.6(11.6) Shields
 + Level 0.7 Invocations


You had 4 spell levels left.
You didn't know any spells.
Your spell library was empty.

Dungeon Overview and Level Annotations

Branches:
Dungeon (1/1)

Altars:
Ashenzari
Cheibriados
Dithmenos
Elyvilon
Fedhas
Gozag
Hepliaklqana
Kikubaaqudgha
Makhleb
Nemelex Xobeh
Okawaru
Qazlal
Ru
Sif Muna
Trog
Uskayaw
Vehumet
Wu Jian
Xom
Yredelemnul
Zin
The Shining One
Beogh
Jiyva
Lugonu

Annotations:
D Harold


Message History

You block Harold's attack.
You slash Harold! You freeze Harold.
Harold is moderately wounded.
Harold hits you with a +6 mace of holy wrath!
You hit Harold but do no damage.
Harold is moderately wounded.
You hit Harold but do no damage.
Harold is moderately wounded.
Harold hits you with a +6 mace of holy wrath.
* * * LOW HITPOINT WARNING * * *
You barely miss Harold.
Harold is moderately wounded.
Harold barely misses you.
You hit Harold. You freeze Harold.
Harold is moderately wounded.
Harold barely misses you.
You hit Harold. You freeze Harold.
Harold is moderately wounded.
You feel like a meek peon again.
You hit Harold but do no damage.
Harold is moderately wounded.
Harold hits you with a +6 mace of holy wrath!
* * * LOW HITPOINT WARNING * * *
You feel much better.
Harold hits you with a +6 mace of holy wrath.
You feel very mighty all of a sudden. You block Harold's attack.
You don't know any spells.
You gain the combat prowess of a mighty hero.
Harold hits you with a +6 mace of holy wrath!
You hit Harold. You freeze Harold.
Harold is moderately wounded.
Harold looks eager to get this over with.
Harold hits you with a +6 mace of holy wrath!!
* * * LOW HITPOINT WARNING * * *
You barely miss Harold.
Harold is moderately wounded.
Harold looks eager to get this over with.
Harold hits you with a +6 mace of holy wrath.
You die...

#)#........##.......#
#'###########.......#
#.......# #########
#.......# #...#...#
#..###..#+#
#...#...#.+
#..)....#@#
#.......)@#
###########


You could see Harold.

Vanquished Creatures
  A black bear (D)
  A phantom (D)
  A gnoll (D)
  An adder (D)
  A river rat (D)
  An ufetubus (D)
  2 orcs (D)
  A bat skeleton (D)
  A giant cockroach (D)
  2 hobgoblins (D)
  2 jackals (D)
  A ball python skeleton (D)
  A bat (D)
  A giant cockroach zombie (D)
  A kobold (D)
18 creatures vanquished.

Notes
Turn   | Place    | Note
-------+----------+-------------------------------------------
     0 | D        | rocky1 the Hill Orc Fighter began the quest for the Orb.
     0 | D        | Reached XP level 1. HP: 19/19 MP: 1/1
    20 | D        | Found a bloodstained altar of Trog.
    20 | D        | Found a shimmering blue altar of Sif Muna.
    20 | D        | Found a viscous altar of Jiyva.
    20 | D        | Found a hazy altar of Hepliaklqana.
    20 | D        | Found an opulent altar of Gozag.
    21 | D        | Found a glowing golden altar of the Shining One.
    21 | D        | Found a glowing silver altar of Zin.
    21 | D        | Found a basalt altar of Yredelemnul.
    21 | D        | Found a shimmering altar of Xom.
    21 | D        | Found an ornate altar of the Wu Jian Council.
    21 | D        | Found a sacrificial altar of Ru.
    21 | D        | Found a stormy altar of Qazlal.
    21 | D        | Found an iron altar of Okawaru.
    21 | D        | Found a sparkling altar of Nemelex Xobeh.
    21 | D        | Found a burning altar of Makhleb.
    21 | D        | Found a blossoming altar of Fedhas.
    21 | D        | Found a white marble altar of Elyvilon.
    21 | D        | Found a shadowy altar of Dithmenos.
    21 | D        | Found a snail-covered altar of Cheibriados.
    24 | D        | Found a corrupted altar of Lugonu.
    24 | D        | Found a radiant altar of Vehumet.
    24 | D        | Found a roughly hewn altar of Beogh.
    25 | D        | Found an ancient bone altar of Kikubaaqudgha.
    25 | D        | Found a hide-covered altar of Uskayaw.
    25 | D        | Found a broken altar of Ashenzari.
    29 | D        | Became a worshipper of Warmaster Okawaru
    87 | D        | Reached skill level 1 in Dodging
    87 | D        | Reached XP level 2. HP: 24/27 MP: 2/2
   256 | D        | Noticed a phantom
   269 | D        | Reached XP level 3. HP: 18/34 MP: 3/3
   293 | D        | Killed a phantom
   293 | D        | Reached * piety under Okawaru
   294 | D        | Reached skill level 5 in Fighting
   294 | D        | Reached skill level 5 in Axes
   294 | D        | Reached skill level 5 in Armour
   294 | D        | Reached skill level 5 in Shields
   294 | D        | Reached XP level 4. HP: 9/44 MP: 4/4
   591 | D        | Noticed a black bear
   610 | D        | Killed a black bear
   611 | D        | Reached XP level 5. HP: 40/52 MP: 5/5
   735 | D        | Noticed Harold
   759 | D        | Slain by Harold

Illustrated notes

Levels and vault maps discovered:
D:        pitsprint [storerooms_1, entrance_room_1, metal_vault_2, armoury_3,
          mini_pit_1, grid_room_1, main_hall_1, silver_pit, the_coven_3,
          the_vestibule_1, steel_vault_1, golden_pit, hallway_of_sentries,
          crystal_vault_4, iron_vault_1, final_vault]

Skill      XL: |  1  2  3  4 |
---------------+-------------+-----
Axes           | 3 4 5 7 |  7.3
Fighting       | 4 5 7 |  7.2
Dodging        | 1 3 4 |  4.1
Armour         | 4 5 6 |  6.6
Shields        | 4 5 6 |  6.6
Invocations    | |  0.7

Action                   |  1- 3 |  4- 6 || total
-------------------------+-------+-------++-------
Melee: War axe           |    65 |       ||    65
       Hand axe          |       |    64 ||    64
Invok: Heroism           |       |     2 ||     2
  Use: Potion            |     3 |     2 ||     5
Armor: Scale mail        |    41 |    23 ||    64
Dodge: Dodged            |    44 |    23 ||    67
Block: Buckler           |    23 |     8 ||    31

Table legend: (Time is in decaauts)
 A = Elapsed time spent in this place.
 B = Non-inter-level travel time spent in this place.
 C = Inter-level travel time spent in this place.
 D = Time resting spent in this place.
 E = Time spent auto-exploring this place.
 F = Levels seen in this place.
 G = Mean time per level.
                   A        B        C        D        E       F      G
               +--------+--------+--------+--------+--------+-----+--------+
         Total |    787 |    765 |     22 |    462 |      0 |   1 |  787.0 |
       Dungeon |    787 |    765 |     22 |    462 |      0 |   1 |  787.0 |
               +--------+--------+--------+--------+--------+-----+--------+

Top non-repeatable levels by time:
       D: 787 daAuts
